 Dungeon Crawl Stone Soup version 0.29-a0-334-gb41bcbb86e (webtiles) character file.

Game seed: 13650685453582068514

5 rabbitsville the Insei (level 1, 0/15 HPs)
             Began as a Demigod Transmuter on Apr 14, 2022.
             Succumbed to a kobold's poison
             ... on level 1 of the Dungeon.
             The game lasted 00:01:14 (131 turns).

rabbitsville the Insei (Demigod Transmuter)          Turns: 131, Time: 00:01:15

Health: 0/15       AC:  2    Str: 11    XL:     1   Next: 53%
Magic:  4/5        EV: 12    Int: 15    God:
Gold:   3          SH:  0    Dex: 14    Spells: 3/4 levels left

rFire   . . .      SeeInvis .     - Unarmed
rCold   . . .      Faith    .   (no shield)
rNeg    . . .      Spirit   .   a - +0 robe
rPois   .          Reflect  .   (helmet currently unavailable)
rElec   .          Harm     .   (no cloak)
rCorr   .          Rampage  .   (no gloves)
Will    .....                   (boots currently unavailable)
Stlth   +.........              (no amulet)
HPRegen 0.05/turn               (no ring)
MPRegen 0.09/turn               (no ring)

@: lethally poisoned (0 -> -16), appendages
A: horns 2, talons 2, high MP 1, forlorn, divine attributes
a: End Transformation


You were on level 1 of the Dungeon.
You had temporarily grown beastly horns and talons.
You visited 1 branch of the dungeon, and saw 1 of its levels.

You collected 3 gold pieces.

Inventory:

Armour
 a - a +0 robe (worn)
Potions
 b - a potion of lignification


   Skills:
 - Level 0.8 Fighting
 - Level 1.7 Dodging
 - Level 2.6 Unarmed Combat
 * Level 2.0 Spellcasting
 * Level 2.0 Transmutations


You had 3 spell levels left.
You knew the following spells:

 Your Spells              Type           Power      Damage    Failure   Level
a - Beastly Appendage     Tmut           14%        N/A       10%         1

Your spell library contained the following spells:

 Spells                   Type           Power      Damage    Failure   Level
 Wereblood                Tmut           7%         N/A       14%         2
 Spider Form              Tmut/Pois      4%         N/A       41%         3
 Ice Form                 Ice/Tmut       4%         N/A       82%         4


Dungeon Overview and Level Annotations

Branches:
Dungeon (1/15)


Innate Abilities, Weirdness & Mutations

You have temporarily grown beastly horns and talons.
You have an increased reservoir of magic. (+10% MP)
You shall have no god before yourself.
Your divine heritage dramatically boosts your attributes as you level up.


Message History

The rat bites you but does no damage.
You hit the rat.
You kill the rat!
Your Spellcasting skill increases to level 2!
Your transformation is almost over.
You see here a rat corpse.
HP restored.
Your horns disappear.
Your talons disappear.
A kobold comes into view.
It is wielding a +1 short sword of venom.
The kobold shouts!
You grow a pair of large bovine horns.
Your feet morph into talons.
The kobold throws a stone.
The stone hits you. The kobold completely misses you.
You hit the kobold but do no damage. Your kick misses the kobold.
A bat comes into view.
The kobold hits you with a +1 short sword of venom.
You are poisoned.
The bat moves out of view.
You barely miss the kobold.
You feel sick. The kobold hits you but does no damage.
You are lethally poisoned!
You barely miss the kobold. Your kick misses the kobold.
You feel very sick. The kobold hits you but does no damage.
You are more poisoned.
You hit the kobold but do no damage. You headbutt the kobold.
You kill the kobold!
* * * LOW HITPOINT WARNING * * *
You feel very sick. The bat closely misses you.
Okay, then.
Unknown command.
You aren't carrying any scrolls.
You aren't carrying any scrolls.
Unknown command.
Unknown command.
You aren't carrying any scrolls.
You hit the bat.
You kill the bat!
You die...

.#..# #..........#
........#..........#
#....##.#..........#
## .................#
......#........######
##..#.#..........#
.................#
#...............#
..#..)@....†....#
#................#
...#.............# #
###...........#
....####.......# ....
##......### .....
#........# .....
#........# ...
#........#


There were no monsters in sight!

Vanquished Creatures
  A dart slug (D:1)
  A hobgoblin (D:1)
  A bat (D:1)
  A kobold (D:1)
  A rat (D:1)
5 creatures vanquished.

Notes
Turn   | Place    | Note
-------+----------+-------------------------------------------
     0 | D:1      | rabbitsville the Demigod Transmuter began the quest for the
                  | Orb.
     0 | D:1      | Reached XP level 1. HP: 15/15 MP: 5/5
   131 | D:1      | Succumbed to a kobold's poison

Illustrated notes

Levels and vault maps discovered:
D:1:      saegor_arrival_simple_d, layout_rooms

Skill      XL: |  1 |
---------------+----+-----
Transmutations | 2 |  2.0
Spellcasting   | 2 |  2.0
Fighting       | |  0.8
Dodging        | |  1.7
Unarmed Combat | |  2.6

Action                   || total
-------------------------++-------
Melee: Unarmed           ||    11
       Kick              ||     2
       Headbutt          ||     1
 Cast: Beastly Appendage ||     3
Armor: Robe              ||     3
Dodge: Dodged            ||     3

Table legend: (Time is in decaauts)
 A = Elapsed time spent in this place.
 B = Non-inter-level travel time spent in this place.
 C = Inter-level travel time spent in this place.
 D = Time resting spent in this place.
 E = Time spent auto-exploring this place.
 F = Levels seen in this place.
 G = Mean time per level.
                   A        B        C        D        E       F      G
               +--------+--------+--------+--------+--------+-----+--------+
         Total |    131 |    131 |      0 |      0 |     67 |   1 |  131.0 |
       Dungeon |    131 |    131 |      0 |      0 |     67 |   1 |  131.0 |
               +--------+--------+--------+--------+--------+-----+--------+

Top non-repeatable levels by time:
     D:1: 131 daAuts
